Map: Terraform LE (Void)

Players

PizzieNizzie - Winner!

  • Race: Zerg Zerg
  • League: Platinum

Javert

  • Race: Zerg Zerg
  • League: Gold

VOD

Have the link to the VOD?

Description

Time

  • Played on: Sept. 2, 2015, 10:06 p.m.
  • Length: 20:02
Show
View Real Time Build Order
Export as new Build Order

PizzieNizzie Zerg - Winner!

Build Orders: Hatch First 

Get SALT Encoding   

  12  0:02  Drone  
  13  0:13  Overlord  
  13  0:19  Drone  
  14  0:31  Drone x2  
  14  0:35  Drone  
  17  0:52  Hatchery  
  17  0:55  Drone  
  17  1:00  Extractor  
  16  1:11  Spawning Pool  
  16  1:14  Drone  
  16  1:18  Drone  
  17  1:25  Drone  
  18  1:31  Drone  
  19  1:45  Drone  
  20  1:52  Overlord  
  20  1:58  Queen  
  20  1:59  Metabolic Boost  
  22  2:04  Queen  
  24  2:09  Zergling x2  
  24  2:13  Drone  
  24  2:14  Drone  
  27  2:21  Drone  
  28  2:25  Drone  
  29  2:31  Baneling Nest  
  28  2:40  Drone x2  
  28  2:41  Spine Crawler  
  29  2:44  Zergling x2  
  29  2:45  Drone  
  30  3:07  Drone x5, Spine Crawler  
  30  3:08  Spine Crawler  
  33  3:17  Roach Warren  
  33  3:22  Zergling x6  
  36  3:28  Overlord  
  36  3:47  Drone x7  
  42  3:50  Lair  
  42  3:52  Extractor  
  42  3:54  Extractor  
  42  3:55  Extractor  
  39  4:03  Overlord  
  39  4:04  Drone x2  
  40  4:19  Drone x3  
  43  4:29  Drone  
  43  4:30  Drone x3  
  46  4:35  Hatchery  
  45  4:41  Drone x3  
  45  4:42  Drone, Queen  
  51  4:54  Zergling x2  
  51  4:57  Spire  
  51  5:06  Overlord x3  
  51  5:47  Hatchery  
  50  6:09  Zerg Flyer Weapons Level 1, Mutalisk x4  
  50  6:10  Mutalisk x7  
  72  6:21  Mutalisk  
  74  6:34  Overlord x2  
  74  6:35  Overlord  
  69  7:04  Drone x3  
  69  7:05  Drone x11  
  83  7:10  Hatchery  
  79  7:18  Extractor  
  79  7:19  Extractor  
  75  7:28  Extractor  
  70  7:38  Mutalisk x5  
  80  7:51  Drone x3  
  83  8:09  Zerg Flyer Weapons Level 2  
  79  8:21  Mutalisk  
  79  8:31  Queen  
  79  8:32  Drone x7  
  88  8:42  Hydralisk Den  
  85  8:58  Drone x4  
  88  9:09  Lurker Den  
  87  9:10  Mutalisk x4  
  87  9:14  Queen  
  87  9:17  Extractor  
  93  9:20  Spine Crawler  
  92  9:36  Drone x3  
  95  9:46  Hatchery  
  92  9:56  Drone  
  92  9:57  Drone x3, Overlord  
  92  9:58  Overlord x3  
  80  10:10  Mutalisk x4  
  69  10:29  Roach  
  69  10:30  Roach x6  
  82  10:49  Hydralisk x5  
  85  11:18  Lurker x2  
  67  11:53  Drone  
  66  11:54  Drone x17  
  66  11:59  Hydralisk x5  
  93  12:13  Queen  
  95  12:16  Drone  
  95  12:17  Drone x6  
  102  12:25  Overseer  
  102  12:34  Zergling x2  
  102  12:35  Zergling x2  
  102  12:36  Zergling x2  
  105  12:51  Hydralisk x5  
  105  12:52  Hydralisk x3  
  121  13:07  Hatchery  
  120  13:17  Infestation Pit  
  119  13:27  Lurker  
  119  13:29  Overlord x5  
  119  13:30  Overlord  
  94  13:51  Mutalisk, Roach  
  94  13:52  Mutalisk x11  
  96  14:20  Overseer  
  90  14:28  Queen  
  64  14:52  Drone  
  53  14:53  Drone x7  
  49  16:01  Hatchery  
  44  16:06  Hydralisk x2  
  44  16:55  Lurker x2  
  44  17:00  Pneumatized Carapace  
  46  17:13  Drone  
  46  17:14  Drone x5  
  52  17:26  Drone x2  
  50  17:54  Drone  
  50  17:55  Drone x5  
  56  18:31  Hydralisk  
  58  18:49  Hydralisk x3  
  64  18:57  Lurker  
  65  19:15  Lurker  
  66  19:19  Lurker  
  66  19:23  Lurker  
Show
View Real Time Build Order
Export as new Build Order

Javert Zerg 

Build Orders: Pool First 

Get SALT Encoding   

  12  0:02  Drone  
  13  0:15  Overlord  
  13  0:19  Drone  
  14  0:33  Drone x2  
  16  0:38  Drone  
  17  0:48  Spawning Pool  
  17  0:49  Drone  
  17  0:58  Drone  
  18  1:10  Drone  
  19  1:17  Hatchery  
  18  1:20  Extractor  
  18  1:21  Drone  
  18  1:35  Roach Warren  
  18  1:39  Queen  
  19  1:46  Drone x2  
  21  1:54  Overlord  
  21  2:16  Roach x2  
  25  2:26  Roach  
  25  2:29  Queen  
  29  2:30  Overlord  
  29  2:42  Roach  
  31  2:45  Drone  
  32  2:54  Drone x2  
  32  2:55  Drone x2  
  36  3:06  Drone x2  
  36  3:09  Metabolic Boost  
  38  3:14  Drone  
  38  3:19  Drone x2  
  42  3:20  Drone  
  42  3:32  Hatchery  
  42  3:33  Drone x2  
  43  3:38  Overlord  
  43  3:47  Drone  
  44  3:54  Extractor  
  43  3:56  Queen  
  45  4:16  Drone x5  
  45  4:17  Drone x2  
  52  4:26  Lair  
  52  4:29  Overlord x2  
  52  4:32  Extractor  
  52  4:33  Extractor  
  52  4:37  Baneling Nest, Overlord  
  49  4:51  Drone x5  
  54  4:59  Evolution Chamber  
  53  5:02  Roach x6  
  65  5:17  Evolution Chamber  
  65  5:20  Roach x6  
  76  5:23  Roach  
  76  5:30  Ravager  
  76  5:31  Ravager x2  
  76  5:32  Ravager  
  80  5:41  Ravager  
  80  5:46  Glial Reconstitution  
  80  5:50  Drone x2  
  80  5:53  Overlord  
  82  6:01  Overlord  
  82  6:07  Zerg Missile Weapons Level 1, Zerg Ground Armor Level 1  
  82  6:08  Hatchery  
  81  6:13  Roach x3  
  81  6:16  Drone x2  
  89  6:27  Drone x4  
  89  6:30  Overseer  
  93  6:33  Drone x3  
  87  6:50  Roach  
  87  6:51  Roach x5  
  84  7:08  Hydralisk Den  
  77  7:21  Spore Crawler  
  77  7:22  Spore Crawler  
  71  7:23  Spore Crawler x2  
  71  7:24  Spore Crawler x2  
  63  7:40  Hydralisk x2  
  63  7:41  Hydralisk x4  
  73  7:45  Spore Crawler  
  73  7:47  Spore Crawler  
  73  7:50  Muscular Augments  
  69  7:53  Spore Crawler  
  69  7:58  Spore Crawler  
  67  8:00  Overlord x2  
  59  8:22  Hydralisk  
  59  8:23  Hydralisk x3  
  59  8:24  Spore Crawler x2  
  59  8:31  Spore Crawler  
  59  8:32  Hydralisk x2  
  62  8:39  Hydralisk x2  
  66  8:56  Hydralisk x4  
  74  9:11  Burrow, Hydralisk  
  74  9:12  Hydralisk  
  68  9:17  Roach  
  68  9:18  Roach  
  72  9:28  Roach  
  72  9:29  Roach x3  
  80  9:38  Infestation Pit  
  80  9:40  Overlord  
  77  9:57  Hydralisk  
  77  9:58  Hydralisk x2  
  73  10:12  Hydralisk  
  73  10:13  Hydralisk x2  
  63  10:31  Overlord  
  63  10:42  Hatchery  
  63  10:45  Roach  
  62  10:54  Hydralisk  
  60  11:09  Roach  
  60  11:10  Roach x11  
  80  11:23  Overlord  
  78  11:46  Hatchery  
  69  11:59  Roach x8  
  85  12:14  Roach  
  85  12:15  Roach x5  
  97  12:23  Overseer x2  
  97  12:35  Overlord  
  97  12:42  Hydralisk  
  99  12:45  Roach x18  
  99  13:30  Hydralisk x2  
  103  13:39  Hatchery  
  86  14:18  Roach  
  86  14:19  Roach x5  
  82  14:31  Hydralisk x2  
  84  14:42  Hydralisk  
  80  14:54  Hydralisk  
  82  15:00  Overseer  
  50  15:32  Hydralisk  
  50  15:33  Hydralisk x2  
  40  16:05  Hive  
  40  16:08  Spore Crawler  
  40  16:10  Spore Crawler  
  38  16:16  Hydralisk  
  40  16:29  Hydralisk x2  
  44  16:46  Hydralisk x2  
  48  16:53  Spore Crawler  
  47  17:30  Viper x3  
  47  17:31  Viper  
  56  18:00  Roach x2  
  60  18:08  Roach  
  62  18:14  Roach  
  66  18:27  Roach  
  66  18:41  Roach  
  68  19:05  Roach x2  
  68  19:06  Roach  
  74  19:34  Overseer  
  74  19:35  Overseer  
Tags
 
Add a new tag
Caveats
  • Supply blocks, unpowered buildings, or Contaminate may cause inaccurate times.
  • Supply counts are checked every 10 seconds.